 Dungeon Sprint DCSS version 0.19.3-4-gbf9329e (webtiles) character file.

1047 Kagutsuchi the Fighter (level 8, -11/82 HPs)
             Began as a Black Draconian Berserker on Jan 28, 2017.
             Was an Elder of Trog.
             Mangled by Menkaure (16 damage)
             ... in the Dungeon (Sprint II: "The Violet Keep of Menkaure").
             The game lasted 00:01:57 (767 turns).

Kagutsuchi the Fighter (Black Draconian Berserker)   Turns: 767, Time: 00:01:57

Health: -11/82     AC:  6    Str: 21    XL:     8   Next: 5%
Magic:  8/8        EV: 17    Int:  8    God:    Trog [****..]
Gold:   972        SH:  0    Dex: 11    Spells: 0 memorised, 7 levels left

rFire  . . .     SeeInvis .     a - +0 falchion
rCold  . . .     Gourm    .     (armour unavailable)
rNeg   . . .     Faith    .     (no shield)
rPois  .         Spirit   .     (helmet restricted)
rElec  +         Reflect  .     (no cloak)
rCorr  .         Harm     .     (no gloves)
MR     .....     NoTele   +     (no boots)
Stlth  +.........               (no amulet)
                                (no ring)
                                (no ring)

@: no status effects
A: breathe lightning, unfitting armour, electricity resistance, cold-blooded, AC
+6
a: Breathe Lightning, Berserk, Trog's Hand, Brothers in Arms, Burn Spellbooks,
Renounce Religion


You were in the Dungeon.
You worshipped Trog.
Trog was greatly pleased with you.
You were not hungry.

You visited 1 branch You collected 972 gold pieces.

Inventory:

Hand Weapons
 a - a +0 falchion (weapon)
 b - a +0 trident
Scrolls
 h - a scroll of blinking
Potions
 e - a potion of haste
 f - 2 potions of magic
 g - a potion of berserk rage


   Skills:
 + Level 11.2 Fighting
 + Level 10.9 Long Blades
 + Level 9.6 Dodging
 + Level 1.0 Stealth


You had 7 spell levels left.
You didn't know any spells.

Dungeon Overview and Level Annotations

Branches:
Dungeon (1/1)

Altars:

Shops:
D =%:?%((!:[![=!=}

Annotations:
D exclusion: oklob plant, Menkaure


Innate Abilities, Weirdness & Mutations

You can breathe wild blasts of lightning.
Your glossy black scales are hard. (AC +6)
You cannot fit into any form of body armour.
You are resistant to electric shocks. (rElec)
You are cold-blooded and may be slowed by cold attacks.


Message History

Menkaure completely misses you.
You hit Menkaure but do no damage.
Menkaure is almost destroyed.
Menkaure splashes around in the water.
Your unstable footing causes you to fumble your attack.
Menkaure sighs, "It doesn't hurt if you pull your brain out of your nose yourself."
Menkaure closely misses you.
You hit Menkaure but do no damage.
Menkaure is almost destroyed.
Menkaure calls on the powers of darkness!
Your body is wracked with pain!
* * * LOW HITPOINT WARNING * * *
Your unstable footing causes you to fumble your attack.
Menkaure closely misses you.
You completely miss Menkaure.
You tail-slap Menkaure, but do no damage.
Menkaure is almost destroyed.
Your unstable footing causes you to fumble your attack.
Menkaure hits you!
You die...

##########≈≈#++
#########≈≈≈...
........#≈≈≈≈.##+##
...⌠....#≈≈≈≈##...##
..∩.∩...#≈≈≈≈#..#..#
.∩.∩.∩..#≈≈####.#.####
∩.∩.∩.∩.#≈##.###'###.##
.∩...∩.∩#M#...##.##...#
∩.....∩.'@'.#÷'.<.†##.+
.......∩#≈#...##.##.###
▓▓▓▓▓▓###≈##.###'###.#
?{D######≈≈####.#.####
%${# ##≈≈≈#.###.# ∩P(
+#≈## ## [. ≈≈# ≈≈


You could see an ice dragon and Menkaure.

Vanquished Creatures
  A siren (D)
  2 hippogriffs (D)
  4 necrophages (D)
  3 worms (D)
10 creatures vanquished.

Vanquished Creatures (others)
  A crocodile (D)
1 creature vanquished.

Grand Total: 11 creatures vanquished

Notes
Turn   | Place    | Note
-------+----------+-------------------------------------------
     0 | D        | Kagutsuchi the Draconian Berserker began the quest for the Orb.
     0 | D        | Reached XP level 1. HP: 19/19 MP: 1/1
     1 | D        | Noticed a necrophage
     1 | D        | Noticed a necrophage
     1 | D        | Noticed a necrophage
     1 | D        | Noticed a necrophage
     7 | D        | Killed a necrophage
     7 | D        | Reached skill level 6 in Fighting
     7 | D        | Reached skill level 5 in Long Blades
     7 | D        | Reached skill level 5 in Dodging
     7 | D        | Reached XP level 2. HP: 31/31 MP: 2/2
     7 | D        | Reached XP level 3. HP: 38/38 MP: 3/3
     7 | D        | Reached XP level 4. HP: 45/45 MP: 4/4
    10 | D        | Killed a necrophage
    10 | D        | Reached skill level 7 in Fighting
    10 | D        | Reached XP level 5. HP: 52/52 MP: 5/5
    28 | D        | Killed a necrophage
    28 | D        | Reached ** piety under Trog
    28 | D        | Reached skill level 8 in Fighting
    43 | D        | Killed a necrophage
    43 | D        | Reached skill level 9 in Fighting
    43 | D        | Reached XP level 6. HP: 20/59 MP: 6/6
   479 | D        | Noticed a siren
   488 | D        | Killed a siren
   488 | D        | Reached skill level 10 in Fighting
   488 | D        | Reached skill level 10 in Long Blades
   488 | D        | Your scales start taking on a glossy black colour.
   488 | D        | Reached XP level 7. HP: 61/69 MP: 7/7
   488 | D        | Gained mutation: You are resistant to electric shocks. (rElec) [Black Draconian growth]
   596 | D        | Noticed a hippogriff
   596 | D        | Noticed a hippogriff
   602 | D        | Killed a hippogriff
   602 | D        | Reached *** piety under Trog
   607 | D        | Killed a hippogriff
   607 | D        | Reached skill level 11 in Fighting
   607 | D        | Reached skill level 1 in Stealth
   607 | D        | Reached XP level 8. HP: 78/78 MP: 8/8
   684 | D        | Reached **** piety under Trog
   723 | D        | Found Vaoplywk's Gadget Shop.
   723 | D        | Found Wegisun's Jewellery Boutique.
   723 | D        | Found Esioschoa's Antique Armour Shop.
   723 | D        | Found Fileucs's Jewellery Shop.
   723 | D        | Found Tosiceur's Antique Armour Boutique.
   723 | D        | Found Waudau's Distillery.
   723 | D        | Found Xicin's Book Shop.
   724 | D        | Found Riyr's Distillery.
   725 | D        | Found Libofoer's Antique Weapon Shop.
   725 | D        | Found Ruixziru's Antique Weapon Boutique.
   726 | D        | Found Asek's Distillery.
   727 | D        | Found Lovixev's Food Shop.
   727 | D        | Found Monym's Magic Scroll Boutique.
   727 | D        | Noticed Menkaure
   727 | D        | Noticed an ice dragon
   727 | D        | Noticed an oklob plant
   728 | D        | Found Keixim's Food Shop.
   728 | D        | Found Nolewomu's Jewellery Boutique.
   728 | D        | Found Plog's Book Shoppe.
   753 | D        | HP: 2/82 [Menkaure/nerve-wracking pain (13)]
   767 | D        | Mangled by Menkaure

Skill      XL: |  1  2  3  4  5  6  7 |
---------------+----------------------+-----
Fighting       | 6 7 9 10 11 | 11.2
Long Blades    | 5 7 8 10 | 10.9
Dodging        | 5 6 7 8 9 |  9.6
Stealth        | 1 |  1.0

Action                   |  1- 3 |  4- 6 |  7- 9 || total
-------------------------+-------+-------+-------++-------
Melee: Falchion          |     5 |    43 |    45 ||    93
       Tailslap          |       |     3 |     7 ||    10
Invok: Berserk           |     1 |     1 |     1 ||     3
  Use: Potion            |       |       |     2 ||     2
  Eat: Bread ration      |       |       |     1 ||     1
Armor: Skin              |       |     2 |     5 ||     7
Dodge: Dodged            |     1 |    20 |    25 ||    46
       Rpst.: Falchion   |       |     4 |     9 ||    13
